 Dungeon Crawl Stone Soup version 0.31-a0-149-g3fdcc5976a (webtiles) character file.

Game seed: 783388349192550385

446 qw the Skirmisher (level 6, -3/53 HPs)
             Began as a Minotaur Hunter on June 7, 2023.
             Succumbed to Duvessa's poison
             ... on level 4 of the Dungeon.
             The game lasted 00:00:45 (2663 turns).

qw the Skirmisher (Minotaur Hunter)                 Turns: 2663, Time: 00:00:46

Health: -3/53      AC:  8    Str: 16    XL:     6   Next: 73%
Magic:  5/5        EV: 11    Int:  6    God:
Gold:   169        SH:  0    Dex: 17    Spells: 5/5 levels left

rFire   . . .        Y - +1 shortbow (drain)
rCold   . . .        (shield currently unavailable)
rNeg    . . .        e - +0 ring mail
rPois   .            (helmet restricted)
rElec   .            (no cloak)
rCorr   .            h - +0 pair of gloves
SInv    .            (no boots)
Will    .....        (no amulet)
Stlth   ++           (no ring)
HPRegen 0.28/turn    (no ring)
MPRegen 0.09/turn

%: no passive effects
@: lethally poisoned (-3 -> -30)
A: horns 2, retaliatory headbutt, iridescent scales 1, thin skeletal structure 1
a: no special abilities


You were on level 4 of the Dungeon.
You visited 1 branch of the dungeon, and saw 4 of its levels.

You collected 169 gold pieces.


Innate Abilities, Weirdness & Mutations

You have a pair of horns on your head.
You reflexively headbutt those who attack you in melee.
You are partially covered in iridescent scales. (AC +2)
You have a somewhat thin skeletal structure. (Dex +2, Stealth+)


   Skills:
 + Level 4.5 Fighting
 - Level 8.1 Ranged Weapons
 - Level 1.0 Armour
 - Level 2.1 Dodging
 - Level 0.7 Stealth


You had 5 spell levels left.
You didn't know any spells.
Your spell library was empty.

Inventory:

Hand Weapons
 Y - a +1 shortbow of draining (weapon)
Armour
 e - a +0 ring mail (worn)
 h - a +0 pair of gloves (worn)
Wands
 a - a wand of digging (3)
Potions
 d - a potion of curing
 f - a potion of invisibility {unknown}
 i - a potion of might {unknown}
 k - a potion of resistance
 l - 2 potions of mutation

Dungeon Overview and Level Annotations

Branches:
Dungeon (4/15)
 Temple: D:4-7

Altars:

Annotations:
D:2 1 runed translucent door, Crazy Yiuf
D:4 Duvessa


Message History

You shoot an arrow. The arrow hits Dowan.
Dowan is moderately wounded.
You shoot an arrow. The arrow closely misses Dowan.
You shoot an arrow. The arrow hits Dowan.
Dowan is moderately wounded.
Duvessa, Sister of Dowan comes into view.
She is wielding a +3 short sword of venom and wearing a +1 ring mail of positive energy.
You shoot an arrow. The arrow hits Dowan.
You drain Dowan.
Dowan is heavily wounded.
You shoot an arrow. The arrow hits Dowan!
You drain Dowan.
You kill Dowan!
Duvessa screams in rage.
Duvessa goes berserk!
You shoot an arrow. The arrow hits Duvessa!
Duvessa is lightly wounded.
You shoot an arrow. The arrow barely misses Duvessa.
You shoot an arrow. The arrow hits Duvessa.
You drain Duvessa.
Duvessa is moderately wounded.
Duvessa hits you with a +3 short sword of venom!
Duvessa hits you with a +3 short sword of venom.
You are poisoned.
You shoot an arrow.
The arrow hits Duvessa but does no damage.
Duvessa is moderately wounded.
You feel very sick.
Duvessa hits you with a +3 short sword of venom!
You are more poisoned.
Duvessa hits you with a +3 short sword of venom!
You are more poisoned.
You shoot an arrow. The arrow closely misses Duvessa.
You feel extremely sick.
Duvessa hits you with a +3 short sword of venom.
You are more poisoned.
You shoot an arrow. The arrow hits Duvessa.
Duvessa is moderately wounded.
You feel extremely sick.
Duvessa hits you with a +3 short sword of venom.
Duvessa barely misses you.
You shoot an arrow. The arrow hits Duvessa.
Duvessa is moderately wounded.
You die...

..##.# #.# ## # ##.## #
#. ##...## # ##.####
#.....#### #
.......#######...#...# #
.....................###
...........####.##......
.~~........# #.########
~..~...@...# #.#
~..~..~~e..~# #.#
..~.)~$)~..~~##.#
..~.}~..~..~~# ..
.~..~}.~...~~#
.~..~..~..~~~#
..~~..~..~~~##
......~..~.##


You could see Duvessa (berserk, drained).

Vanquished Creatures
  Sigmund (D:2)
  A phantom (D:4)
  Dowan (D:4)
  A sleepcap (D:4)
  Jessica (D:2)
  An orc wizard (D:3)
  2 adders
  2 worms (D:2)
  2 dart slugs (D:1)
  3 orcs (D:3)
  4 endoplasms
  6 goblins
  6 hobgoblins
  2 jackals (D:2)
  2 quokkas
  3 ball pythons
  4 bats
  A frilled lizard (D:3)
  4 kobolds
  5 rats
52 creatures vanquished.

Notes
Turn   | Place    | Note
-------+----------+-------------------------------------------
     0 | D:1      | qw the Minotaur Hunter began the quest for the Orb.
     0 | D:1      | Reached XP level 1. HP: 18/18 MP: 0/0
     0 | D:1      | 0 ||| qw: Version: 0.2-a-117-gc6b5c8b
     0 | D:1      | 0 ||| qw: Game counter: 2642
     0 | D:1      | 0 ||| qw: Always use a shield: true
     0 | D:1      | 0 ||| qw: God list: Okawaru
     0 | D:1      | 0 ||| qw: Allow faded altars: false
     0 | D:1      | 0 ||| qw: Do Orc after D:15 true
     0 | D:1      | 0 ||| qw: Do second Lair branch before Depths: true
     0 | D:1      | 0 ||| qw: Lair rune preference: random
     0 | D:1      | 0 ||| qw: Plans: Normal
     0 | D:1      | 0 ||| PLANNING D:1-11
   156 | D:1      | Reached XP level 2. HP: 25/25 MP: 1/1
   165 | D:1      | Reached skill level 5 in Ranged Weapons
   602 | D:1      | 602 ||| UPGRADING to +0 pair of gloves.
   607 | D:1      | 607 ||| DROPPING scarf of harm.
   608 | D:1      | 608 ||| READING 3 scrolls labelled RICZOU BIRGHAORCH.
   609 | D:1      | 609 ||| READING scroll labelled YRULLU AHIFA.
   654 | D:1      | 654 ||| READING scroll labelled COHENTOFYXOTZ.
   655 | D:1      | 655 ||| READING scroll labelled MYSCHET EKUNGUF.
   659 | D:1      | 659 ||| DRINKING 2 lumpy dark potions.
   660 | D:1      | 660 ||| DRINKING 2 inky potions.
   660 | D:1      | Gained mutation: You have a somewhat thin skeletal
                  | structure. (Dex +2, Stealth+) [potion of mutation]
   660 | D:1      | Gained mutation: You are partially covered in iridescent
                  | scales. (AC +2) [potion of mutation]
   661 | D:1      | 661 ||| DROPPING 2 scrolls of magic mapping.
   662 | D:1      | 662 ||| DROPPING scroll of butterflies.
   711 | D:2      | Noticed Jessica
   715 | D:2      | Killed Jessica
   716 | D:2      | Reached skill level 3 in Fighting
   716 | D:2      | Reached XP level 3. HP: 33/33 MP: 2/2
  1309 | D:2      | Reached XP level 4. HP: 40/40 MP: 3/3
  1349 | D:2      | Found a runed translucent door.
  1350 | D:2      | Noticed Crazy Yiuf
  1510 | D:2      | Noticed Sigmund
  1517 | D:2      | Killed Sigmund
  1518 | D:2      | Reached skill level 7 in Ranged Weapons
  1518 | D:2      | Reached XP level 5. HP: 27/46 MP: 4/4
  1831 | D:2      | 1831 ||| UPGRADING to +0 ring mail.
  1841 | D:2      | 1841 ||| DROPPING +0 leather armour.
  1842 | D:2      | 1842 ||| READING scroll labelled ZEIGGE QUWKO.
  1843 | D:2      | 1843 ||| READING scroll labelled GISORPH BAMNUVYS.
  1910 | D:3      | Found a faded altar of an unknown god.
  1916 | D:3      | 1916 ||| READING scroll of brand weapon.
  1916 | D:3      | 1916 ||| BRANDING +1 shortbow of freezing.
  1997 | D:3      | Reached skill level 1 in Armour
  2223 | D:3      | 2223 ||| Stepping ~*~*~tactically~*~*~ (outnumbered).
  2227 | D:3      | Reached XP level 6. HP: 49/52 MP: 5/5
  2466 | D:3      | 2466 ||| READING scroll labelled MAG LELYINE.
  2467 | D:3      | 2467 ||| DRINKING 2 coppery potions.
  2570 | D:4      | Reached skill level 8 in Ranged Weapons
  2651 | D:4      | Noticed Dowan
  2654 | D:4      | Noticed Duvessa
  2656 | D:4      | Killed Dowan
  2662 | D:4      | HP: 7/53 [poisoned by Duvessa]
  2662 | D:4      | HP: 3/53 [Duvessa/+3 short sword of venom (4)]
  2663 | D:4      | Succumbed to Duvessa's poison

Levels and vault maps discovered:
D:1:      eino_arrival_druids_welcome, layout_loops_ring
D:2:      layout_loops_corners, serial_forest, infiniplex_forest_clump_C,
          infiniplex_forest_lined_room_3, infiniplex_forest_lined_room_2,
          infiniplex_forest_corner_1, uniq_crazy_yiuf_cottage, uniq_sigmund,
          uniq_jessica
D:3:      layout_basic, hellmonk_ecumenical_altar_arch_garden
D:4:      cheibrodos_helix_gallery, layout_loops_corners, marbit_many_paths,
          nicolae_wu_jian_wuxing_cycle, uniq_duvessa

Skill      XL: |  1  2  3  4  5  6 |
---------------+-------------------+-----
Ranged Weapons | 5 7 8 |  8.1
Fighting       | 3 4 |  4.5
Armour         | 1 |  1.0
Dodging        | |  2.1
Stealth        | |  0.7

Action                     |  1- 3 |  4- 6 || total
---------------------------+-------+-------++-------
   Fire: Shortbow          |    66 |    83 ||   149
    Use: Scroll            |     4 |     4 ||     8
         Potion            |     2 |     1 ||     3
 Armour: Leather armour    |     4 |       ||     4
         Ring mail         |       |     7 ||     7
  Dodge: Dodged            |     9 |    15 ||    24

Table legend:
 A = Non-vault XP
 B = Vault XP
 C = Vault XP percentage of total XP
 D = Non-vault monster count
 E = Vault monster count
 F = Vault count percentage of total count
                 A         B        C        D         E       F
            +---------+---------+-------+---------+---------+-------
      Total |     290 |     348 |  54.5 |      47 |       5 |   9.6
            +---------+---------+-------+---------+---------+-------
        D:1 |      28 |       0 |   0.0 |      13 |       0 |   0.0
        D:2 |      37 |     276 |  88.2 |      11 |       2 |  15.4
        D:3 |      81 |       0 |   0.0 |      19 |       0 |   0.0
        D:4 |     144 |      72 |  33.3 |       4 |       3 |  42.9
            +---------+---------+-------+---------+---------+-------
